 Dungeon Crawl Stone Soup version 0.26.1-2-gb8aa6d0cf2 (webtiles) character file.

Game seed: 16495540837685983884

24598 harryhousin the Fighter (level 12, -4/115 HPs)
             Began as a Minotaur Fighter on Mar 21, 2021.
             Was an Initiate of Ru.
             Slain by Jorgrun
             ... wielding a +0 vorpal quarterstaff
              (7 damage)
             ... while petrified by Jorgrun
             ... on level 1 of the Orcish Mines.
             The game lasted 01:18:06 (15084 turns).

harryhousin the Fighter (Minotaur Fighter)         Turns: 15084, Time: 01:18:07

Health: -4/115     AC: 24    Str: 33    XL:     12   Next: 82%
Magic:  0/11       EV:  2    Int:  5    God:    Ru [......]
Gold:   96         SH:  0    Dex: 15    Spells: 11/11 levels left

rFire    . . .     SeeInvis +   F - +0 war axe
rCold    . . .     Faith    .   c - +1 kite shield
rNeg     + + +     Spirit   +   Y - +4 plate armour of Card Tricks {*Corrode rElec Dex+6}
rPois    ∞         Reflect  .   (helmet restricted)
rElec    +         Harm     .   C - +2 cloak
rCorr    .         Rampage  .   g - +3 pair of gauntlets of War {Slay+5}
Will     .....                  (no boots)
Stlth    ..........             M - brooch of Shielding {Spirit SH+8}
HPRegen  0.29/turn              J - ring of see invisible
MPRegen  0.12/turn              s - +6 ring of strength

@: petrified, corroded, studying Throwing
A: retaliatory headbutt, horns 2
a: Renounce Religion, Sacrifice Resistance, Sacrifice Drink, Sacrifice a Hand,
Reject Sacrifices


You were on level 1 of the Orcish Mines.
You worshipped Ru.
Ru was noncommittal.
You visited 4 branches of the dungeon, and saw 15 of its levels.
You also visited: Sewer.

You collected 908 gold pieces.
You spent 812 gold pieces at shops.

Inventory:

Hand Weapons
 F - a +0 war axe (weapon)
Armour
 c - a +1 kite shield (worn)
 g - the +3 pair of gauntlets of War (worn) {Slay+5}
   (You found it on level 4 of the Dungeon)

   It affects your accuracy and damage with ranged weapons and melee attacks
   (+5).
 C - a +2 cloak (worn)
 Y - the +4 plate armour of Card Tricks (worn) {*Corrode rElec Dex+6}
   (You bought it in a shop on level 7 of the Dungeon)

   It affects your dexterity (+6).
   It insulates you from electricity.
   It may corrode you when you take damage.
Jewellery
 a - an uncursed amulet of the acrobat
 j - an uncursed amulet of guardian spirit
 s - a +6 ring of strength (right hand)
 J - a ring of see invisible (left hand)
 M - the brooch of Shielding (around neck) {Spirit SH+8}
   (You found it on level 8 of the Dungeon)

   [amulet of guardian spirit]

   It causes incoming damage to be split between your health and magic.
   It affects your SH (+8).
Wands
 t - a wand of polymorph (1)
 B - a wand of disintegration (13)
 I - a wand of enslavement (5)
 L - a wand of digging (6)
 V - a wand of iceblast (19)
 X - a wand of flame (13)
Scrolls
 b - 3 scrolls of summoning {unknown}
 e - 9 scrolls of remove curse
 f - 2 scrolls of enchant armour
 l - 3 scrolls of amnesia
 p - 3 scrolls of noise
 r - 4 scrolls of teleportation
 v - a scroll of holy word {unknown}
 z - 6 scrolls of identify
 A - 3 scrolls of enchant weapon
 E - a scroll of fog {unknown}
 K - a scroll of silence {unknown}
 Q - 2 scrolls of magic mapping
 R - 2 scrolls of fear {unknown}
 U - a scroll of brand weapon {unknown}
Potions
 d - 3 potions of might
 h - 5 potions of flight {unknown}
 i - 3 potions of mutation {unknown}
 k - 4 potions of brilliance {unknown}
 n - a potion of ambrosia {unknown}
 q - 2 potions of magic {unknown}
 u - a potion of attraction {unknown}
 w - 6 potions of curing
 x - 8 potions of heal wounds {unknown}
 G - a potion of lignification {unknown}
 O - a potion of haste
 P - a potion of experience {unknown}
 T - a potion of invisibility
 W - a potion of cancellation {unknown}
Books
 D - a manual of Throwing


   Skills:
 + Level 13.2 Fighting
 + Level 12.9 Axes
 + Level 13.2 Armour
 + Level 13.2 Shields


You had 11 spell levels left.
You didn't know any spells.
Your spell library contained the following spells:

 Spells                   Type           Power        Failure   Level
 Corona                   Hex            0%           98%         1
 Ensorcelled Hibernation  Hex/Ice        0%           99%         2
 Confusing Touch          Hex            0%           100%        3
 Dazzling Flash           Conj/Hex       0%           100%        3
 Gell's Gravitas          Tloc           0%           100%        3
 Tukima's Dance           Hex            0%           100%        3
 Petrify                  Tmut/Erth      0%           100%        4
 Metabolic Englaciation   Hex/Ice        0%           100%        5
 Yara's Violent Unravell  Hex/Tmut       0%           100%        5


Dungeon Overview and Level Annotations

Branches:
Dungeon (12/15)            Temple (1/1) D:6            Lair (1/6) D:11
    Orc (1/2) D:12          Sewer (visited)

Altars:
Ashenzari
Cheibriados
Dithmenos
Elyvilon
Fedhas
Gozag
Hepliaklqana
Kikubaaqudgha
Makhleb
Nemelex Xobeh
Okawaru
Qazlal
Ru
Sif Muna
Trog
Uskayaw
Vehumet
Wu Jian
Xom
Yredelemnul
Zin
The Shining One

Shops:
D:4 [*   D:7 [   D:8 [   D:11 [

Portals:
Trove: D:10 (give 2 scrolls of acquirement)

Annotations:
D:6 1 runed translucent door, Hudbad's ghost, novice GrFE
Lair:1 3 runed translucent doors
Orc:1 Jorgrun


Innate Abilities, Weirdness & Mutations

You reflexively headbutt those who attack you in melee.
You have a pair of horns on your head.


Message History

The grasping roots constrict you. Jorgrun hits you but does no damage.
* * * LOW HITPOINT WARNING * * *
The grasping roots constrict you! Jorgrun hits you but does no damage.
* * * LOW HITPOINT WARNING * * *
The grasping roots constrict you! Jorgrun hits you but does no damage.
The grasping roots constrict you. Jorgrun hits you but does no damage.
* * * LOW HITPOINT WARNING * * *
Your corrosive artefact corrodes you!
The grasping roots constrict you!
Jorgrun hits you with a +0 vorpal quarterstaff!
* * * LOW HITPOINT WARNING * * *
x2 The grasping roots constrict you!
Jorgrun hits you but does no damage.
* * * LOW HITPOINT WARNING * * *
The grasping roots constrict you.
The grasping roots release their grip on you.
Jorgrun hits you with a +0 vorpal quarterstaff!
You die...

#.... .........
.....##.........
.....>#.........#
............>....
...............
.............
#.g)........
..##.#.@[).......
........<).$.....
.....##))).......
..#. ##.))..$#..
. # ##....#..
.....# . .......
.........
........#.


You could see Jorgrun.

Vanquished Creatures
  Nessos (D:12)
  Fannar (D:11)
  3 hydras
  A boulder beetle (D:11)
  Urug (D:12)
  Nergalle (D:12)
  An unseen horror (D:12)
  The ghost of dtburroughs the Cruncher, a novice MiBe of Trog (D:7)
  4 ugly things
  A wolf spider (D:12)
  A cyclops (D:9)
  A manticore (D:11)
  2 centaur zombies
  A gargoyle (D:11)
  3 cane toads (Lair:1)
  A komodo dragon (Lair:1)
  Grinder (D:3)
  5 slime creatures (D:12)
  Prince Ribbit (D:6)
  A blink frog (Lair:1)
  A spriggan (Lair:1)
  Grum (Lair:1)
  18 yaks (Lair:1)
  A warg (Orc:1)
  9 orc warriors
  A hornet zombie (D:10)
  4 ice beasts
  2 sky beasts (D:12)
  A necrophage (D:11)
  A phantom (D:8)
  5 boggarts (D:12)
  An eye of draining (D:12)
  7 ogres
  8 wolves (Lair:1)
  4 centaurs (D:12)
  5 big kobolds
  10 bullfrogs
  A water moccasin zombie (D:10)
  2 wyvern skeletons
  4 scorpions
  2 water moccasin skeletons
  13 killer bees
  4 wights (D:9)
  5 howler monkeys
  3 bullfrog zombies
  4 jellies (D:11)
  A quasit (D:7)
  13 hounds
  5 centaur skeletons
  9 orc priests
  Ijyb (D:3)
  An iguana (D:11)
  Natasha (D:3)
  12 orc wizards
  11 worker ants
  A hound skeleton (D:9)
  2 howler monkey zombies
  A worker ant zombie (D:8)
  Robin (D:2)
  11 adders
  4 gnolls
  A hound simulacrum (D:7)
  5 shadow imps
  2 white imps (D:7)
  A worker ant simulacrum (D:7)
  An ufetubus (D:10)
  4 oozes
  An adder skeleton (D:5)
  An adder zombie (D:7)
  3 worms
  A dart slug (D:1)
  7 leopard geckos
  61 orcs
  6 ball pythons
  9 bats
  8 giant cockroaches
  9 goblins
  10 hobgoblins
  7 jackals (D:2)
  3 quokkas
  7 frilled lizards
  A jackal skeleton (D:5)
  33 kobolds
  A leopard gecko zombie (D:9)
  A quokka skeleton (D:4)
  12 rats
418 creatures vanquished.

Vanquished Creatures (others)
  11 fungi
  29 plants
  2 withered plants (D:6)
42 creatures vanquished.

Grand Total: 460 creatures vanquished

Notes
Turn   | Place    | Note
-------+----------+-------------------------------------------
     0 | D:1      | harryhousin the Minotaur Fighter began the quest for the
                  | Orb.
     0 | D:1      | Reached XP level 1. HP: 19/19 MP: 0/0
   198 | D:1      | Reached XP level 2. HP: 27/27 MP: 1/1
   595 | D:1      | Reached XP level 3. HP: 31/33 MP: 2/2
   752 | D:2      | Found a hide-covered altar of Uskayaw.
   990 | D:2      | Noticed Robin
  1189 | D:2      | Reached XP level 4. HP: 40/40 MP: 3/3
  1336 | D:2      | Killed Robin
  1991 | D:3      | Found an iron altar of Okawaru.
  2196 | D:3      | Noticed Ijyb
  2229 | D:3      | Killed Ijyb
  2230 | D:3      | Reached XP level 5. HP: 47/47 MP: 4/4
  2293 | D:3      | Noticed Grinder
  2293 | D:3      | Paralysed by Grinder for 4 turns
  2308 | D:3      | Killed Grinder
  2309 | D:3      | Reached skill level 5 in Fighting
  2309 | D:3      | Reached skill level 5 in Armour
  2309 | D:3      | Reached skill level 5 in Shields
  2309 | D:3      | Reached XP level 6. HP: 24/56 MP: 5/5
  2361 | D:3      | Found a glowing drain.
  2370 | Sewer    | Entered a sewer
  2861 | Sewer    | Reached skill level 5 in Axes
  2861 | Sewer    | Reached XP level 7. HP: 56/62 MP: 6/6
  3120 | D:3      | Noticed Natasha
  3136 | D:3      | Killed Natasha
  3590 | D:4      | Found a sparkling altar of Nemelex Xobeh.
  3590 | D:4      | Found Xewn's General Store.
  3646 | D:4      | Found Reim Vyt's Antique Armour Emporium.
  3732 | D:4      | Found a shimmering altar of Xom.
  3733 | D:4      | Found a shimmering altar of Xom.
  3733 | D:4      | Found a shimmering altar of Xom.
  3734 | D:4      | Found a shimmering altar of Xom.
  3742 | D:4      | Found a shimmering altar of Xom.
  3742 | D:4      | Found a shimmering altar of Xom.
  3763 | D:4      | Found a shimmering blue altar of Sif Muna.
  3899 | D:4      | Found a radiant altar of Vehumet.
  4154 | D:4      | Found a shadowy altar of Dithmenos.
  4156 | D:4      | Found the +3 pair of gauntlets of War {Slay+5}
  4560 | D:4      | Found a burning altar of Makhleb.
  4664 | D:5      | Entered Level 5 of the Dungeon
  4941 | D:5      | Reached XP level 8. HP: 71/71 MP: 7/7
  5858 | D:6      | Found a runed translucent door.
  5859 | D:6      | Noticed Hudbad's ghost (novice GrFE)
  5920 | D:6      | Found a staircase to the Ecumenical Temple.
  5927 | Temple   | Entered the Ecumenical Temple
  6282 | Temple   | Became a worshipper of Ru the Awakened
  6833 | D:6      | Found a bloodstained altar of Trog.
  6970 | D:6      | Noticed Prince Ribbit
  7012 | D:6      | Reached XP level 9. HP: 65/81 MP: 6/8
  7224 | D:6      | Killed Prince Ribbit
  7469 | D:7      | Found Alor's Antique Armour Boutique.
  7511 | D:7      | Found a glowing golden altar of the Shining One.
  7535 | D:7      | Found a shadowy altar of Dithmenos.
  7848 | D:7      | Found a runed translucent gate.
  7848 | D:7      | Found a runed translucent gate.
  7848 | D:7      | Found a runed translucent gate.
  7868 | D:7      | Found an opulent altar of Gozag.
  8129 | D:7      | Noticed an angel
  8130 | D:7      | Found a glowing silver altar of Zin.
  8243 | D:7      | Found a sacrificial altar of Ru.
  8334 | D:7      | Noticed dtburroughs's ghost (novice MiBe)
  8370 | D:7      | Killed dtburroughs's ghost
  8530 | D:8      | Found Sizar's Armour Shoppe.
  8584 | D:8      | Found a blossoming altar of Fedhas.
  8770 | D:8      | Reached XP level 10. HP: 91/91 MP: 9/9
  8895 | D:8      | Found the brooch of Shielding {Spirit SH+8}
  9311 | D:9      | Noticed a cyclops
  9317 | D:9      | Identified the +2 robe of Vuluth {+Fly}
  9335 | D:9      | Killed a cyclops
  9618 | D:9      | Reached skill level 10 in Armour
  9695 | D:9      | Reached skill level 10 in Fighting
  9699 | D:9      | Reached skill level 10 in Shields
 10152 | D:10     | Entered Level 10 of the Dungeon
 10317 | D:10     | Reached skill level 10 in Axes
 10437 | D:10     | Found a portal to a secret trove of treasure.
 10794 | D:11     | Noticed a red ugly thing
 10799 | D:11     | Killed a red ugly thing
 10822 | D:11     | Noticed a gargoyle
 10828 | D:11     | Killed a gargoyle
 10861 | D:11     | Noticed a boulder beetle
 10869 | D:11     | Killed a boulder beetle
 10870 | D:11     | Reached XP level 11. HP: 101/101 MP: 10/10
 10952 | D:11     | Found a staircase to the Lair.
 11018 | Lair:1   | Entered Level 1 of the Lair of Beasts
 11309 | Lair:1   | Noticed Grum
 11310 | Lair:1   | Noticed an eight-headed hydra
 11334 | Lair:1   | Killed a 12-headed hydra
 11344 | Lair:1   | Killed Grum
 11913 | Lair:1   | Found a runed translucent gate.
 11919 | Lair:1   | Found a runed translucent gate.
 11919 | Lair:1   | Found a runed translucent gate.
 11974 | Lair:1   | Noticed a seven-headed hydra
 11987 | Lair:1   | Killed an 11-headed hydra
 12373 | D:7      | Bought a warped plate armour for 812 gold pieces
 12383 | D:7      | Identified the +4 plate armour of Card Tricks {*Corrode
                  | rElec Dex+6} (You bought it in a shop on level 7 of the
                  | Dungeon)
 12572 | D:11     | Noticed an eight-headed hydra
 12605 | D:10     | HP: 5/104 [16-headed hydra (6)]
 12606 | D:10     | Killed a 17-headed hydra
 12607 | D:10     | Reached XP level 12. HP: 6/112 MP: 0/11
 13151 | D:11     | Noticed Fannar
 13165 | D:11     | Killed Fannar
 13374 | D:11     | Found Haxer's Armour Boutique.
 13886 | D:12     | Noticed a five-headed hydra
 13888 | D:12     | Noticed a two-headed ogre
 14013 | D:12     | Noticed Nergalle
 14020 | D:12     | Killed Nergalle
 14073 | D:12     | Noticed Nessos
 14104 | D:12     | Killed Nessos
 14580 | D:12     | Found a staircase to the Orcish Mines.
 14910 | D:12     | Noticed Urug
 14921 | D:12     | Killed Urug
 15018 | Orc:1    | Entered Level 1 of the Orcish Mines
 15054 | Orc:1    | Noticed Jorgrun
 15082 | Orc:1    | HP: 4/115 [Jorgrun/+0 vorpal quarterstaff (4)]
 15084 | Orc:1    | Slain by Jorgrun

Illustrated notes

Levels and vault maps discovered:
D:1:      dpeg_arrival_pits, layout_rooms
D:2:      layout_basic, eat_drink_and_be_merry_uskayaw, uniq_robin
D:3:      layout_basic, portal_sewer_entry_a, okawaru_trees_1, uniq_natasha,
          uniq_grinder, uniq_ijyb
D:4:      layout_rooms, old_standard_altar, nicolae_dithmenos_the_darkroom,
          general_overflow_altar, xom_redecorated, lemuel_crystal_altar,
          makhleb_blood_cavern_becter, serial_shops, nicolae_shop_waterfront,
          nicolae_shop_waterfront
D:5:      layout_basic, hangedman_minor_gate_pass
D:6:      layout_loops_cross, lemuel_coloured_pillars_altar, temple_green,
          gammafunk_ghost_grave, minmay_manual_mess, uniq_prince_ribbit1
D:7:      layout_basic, grunt_gozag_statues, zin_angel, tso_metal_star,
          gammafunk_ghost_icy, serial_shops, shop, basic_altar,
          nicolae_ru_path_of_blood
D:8:      layout_cave_pods, fedhas_altar_3, serial_shops, nicolae_shop_trees,
          chequers_decorated_corner
D:9:      layout_rooms, serial_aquarium, aquarium_bridge_long_joined
          [aquarium_subvault_window, aquarium_subvault_window,
          aquarium_subvault_window, aquarium_subvault_bridge,
          aquarium_subvault_wall, aquarium_subvault_window],
          aquarium_bridge_island_small [aquarium_subvault_small_water,
          aquarium_subvault_bridge, aquarium_subvault_window,
          aquarium_subvault_bridge, aquarium_subvault_window],
          aquarium_window_corridor_3, aquarium_window_1, aquarium_window_fake,
          aquarium_view_2d, aquarium_balcony_1b, bh_walls_and_bars
D:10:     layout_rooms, trove_entry_hex_spiral
D:11:     layout_roguey, dpeg_oklobed_lair, serial_shops, shop,
          grunt_ministairs_15, uniq_fannar
D:12:     layout_layer_cave, orc_0_dummy, uniq_nessos, uniq_nergalle, uniq_urug
Temple:   compressed_dpeg_triangle_lava_temple
Lair:1:   layout_roguey, gammafunk_ghost_hydra_chop,
          chequers_serial_rivers_micro_e, grunt_forest_large_clearing_hut,
          lemuel_fruit_tree, uniq_grum
Orc:1:    layout_caves, serial_shops, nicolae_shop_stone, uniq_jorgrun

Skill      XL: |  1  2  3  4  5  6  7  8  9 10 11 12 |
---------------+-------------------------------------+-----
Shields        | 4 5 6 7 9 10 12 13 | 13.2
Armour         | 4 5 6 8 9 10 12 13 | 13.2
Fighting       | 4 5 6 8 9 10 12 13 | 13.2
Axes           | 3 4 5 6 7 9 10 11 12 | 12.9

Action                   |  1- 3 |  4- 6 |  7- 9 | 10-12 || total
-------------------------+-------+-------+-------+-------++-------
Melee: War axe           |    75 |   115 |   298 |   530 ||  1018
       Headbutt          |     9 |    16 |    66 |   177 ||   268
       Unarmed           |       |    24 |       |       ||    24
  Use: Scroll            |       |       |    13 |     3 ||    16
       Potion            |       |       |     2 |     4 ||     6
Armor: Scale mail        |    40 |    50 |   118 |    93 ||   301
       Skin              |       |     3 |       |       ||     3
       Plate armour      |       |       |       |   112 ||   112
Dodge: Dodged            |    22 |    55 |    77 |   104 ||   258
Block: Kite shield       |    44 |    77 |   183 |   566 ||   870
